 Dungeon Crawl Stone Soup version 0.17.0-24-gcfadda4 (webtiles) character file.

30 Sorcv the Sneak (level 3, -4/24 HPs)
             Began as a Mummy Enchanter on Nov 15, 2015.
             Killed from afar by Sigmund (10 damage)
             ... with a puff of flame
             ... on level 2 of the Dungeon.
             The game lasted 00:03:41 (977 turns).

Sorcv the Sneak (Mummy Enchanter)                    Turns: 977, Time: 00:03:41

Health: -4/24      AC:  4    Str: 11    XL:     3   Next: 3%
Magic:  2/6        EV: 12    Int: 14    God:
Gold:   29         SH:  0    Dex: 13    Spells: 3 memorised, 0 levels left

rFire  x . .     SeeInvis .     a - +1 dagger
rCold  + . .     Clarity  .     b - +1 robe
rNeg   + + +     SustAt   .     (no shield)
rPois  ∞         Gourm    .     f - +0 helmet
rElec  .         Spirit   .     (no cloak)
rCorr  .         Warding  .     (no gloves)
rMut   .         Stasis   .     (no boots)
MR     .....                    (no amulet)
Stlth  ++........               (no ring)
                                (no ring)

@: not resistant to hostile enchantments, unstealthy
A: no food or potions, fire vulnerability, cold resistance 1, negative energy
resistance 3, torment resistance, unbreathing
a: no special abilities


You were on level 2 of the Dungeon.
You were not hungry.

You visited 1 branch of the dungeon, and saw 2 of its levels.

You collected 29 gold pieces.

Inventory:

Hand Weapons
 a - a +1 dagger (weapon)
Armour
 b - a +1 robe (worn)
 f - a +0 helmet (worn)
Scrolls
 d - a scroll of random uselessness {unknown}
 e - 4 scrolls of identify {unknown}
 g - a scroll of enchant weapon {unknown}
Books
 c - a book of Maledictions

   Spells                             Type                      Level
   a - Corona                         Hexes                        1
   b - Ensorcelled Hibernation        Hexes/Ice                    2
   c - Confuse                        Hexes                        3
   d - Tukima's Dance                 Hexes                        3
   e - Dazzling Spray                 Conjuration/Hexes            3


   Skills:
 - Level 0.7 Short Blades
 - Level 1.5 Dodging
 + Level 3.4 Stealth
 - Level 2.0 Spellcasting
 - Level 3.0 Hexes


You couldn't memorise any spells.
You knew the following spells:

 Your Spells              Type           Power        Failure   Level  Hunger
a - Corona                Hex            #......      10%         1    N/A
b - Ensorcelled Hibernat  Hex/Ice        #.....       21%         2    N/A
c - Confuse               Hex            #.......     21%         3    N/A

Dungeon Overview and Level Annotations

Branches:
Dungeon (2/15)

Altars:

Annotations:
D:2 Crazy Yiuf, Sigmund


Innate Abilities, Weirdness & Mutations

You do not eat or drink.
Your flesh is vulnerable to fire.
You are immune to poison.
Your flesh is cold resistant.
You are immune to negative energy.
You are immune to unholy pain and torment.
You can survive without breathing.


Message History

You barely miss Sigmund.
Sigmund is moderately wounded.
You hit Sigmund.
Sigmund is moderately wounded.
Sigmund completely misses you.
You hit Sigmund but do no damage.
Sigmund is moderately wounded.
You hit Sigmund.
Sigmund is moderately wounded.
Sigmund barely misses you.
You hit Sigmund but do no damage.
Sigmund is moderately wounded.
Sigmund barely misses you.
You closely miss Sigmund.
Sigmund is moderately wounded.
You barely miss Sigmund.
Sigmund is moderately wounded.
Sigmund points at you and mumbles some strange words.
The puff of flame hits you! The fire burns you terribly!
You die...

#......#####.# .. #.......w
...# .### #.......# #..##...
#....#.# .....##### #....#.#
#.....#..# #
#....#.####.....#..#### #
#......)[.......#..... #
#.....#####.#####...#### #
###'#.@@....# #.......
############.#############....#
.....)....##.........†.^......#
.....#...............#####.#..#
.....#'##.##########.#.....#..#
........#.# #......#.#.#......#
#...#...#.# #.w....#.#.###.####
#.###...#.. #.##..........(....
#.......### # ##....#.###.####


You could see Sigmund.

Vanquished Creatures
  2 giant cockroaches (D:1)
  4 hobgoblins
  7 bats (D:1)
  3 giant newts
  3 goblins (D:1)
  4 kobolds
  5 rats
28 creatures vanquished.

Notes
Turn   | Place    | Note
--------------------------------------------------------------
     0 | D:1      | Sorcv the Mummy Enchanter began the quest for the Orb.
     0 | D:1      | Reached XP level 1. HP: 13/13 MP: 3/3
   238 | D:1      | Reached XP level 2. HP: 8/19 MP: 0/5
   395 | D:1      | Reached skill level 3 in Hexes
   505 | D:1      | Learned a level 2 spell: Ensorcelled Hibernation
   711 | D:2      | Reached XP level 3. HP: 21/24 MP: 6/6
   723 | D:2      | Learned a level 3 spell: Confuse
   742 | D:2      | Noticed Crazy Yiuf
   780 | D:2      | Noticed Sigmund
   977 | D:2      | Killed from afar by Sigmund

Action                   || total
-------------------------++-------
Melee: Dagger            ||   120
 Cast: Corona            ||    15
       Ensorcelled Hiber ||     5
       Confuse           ||     2
 Stab: Sleeping          ||     5
